 Dungeon Crawl Stone Soup version 0.19-a0-2241-gf3739c9 (webtiles) character file.

618 Blackhawk the Chopper (level 7, -2/61 HPs)
             Began as a Minotaur Berserker on Mar 7, 2017.
             Was a Believer of Trog.
             Slain by a worker ant (5 damage)
             ... on level 4 of the Dungeon.
             The game lasted 00:06:42 (2720 turns).

Blackhawk the Chopper (Minotaur Berserker)          Turns: 2720, Time: 00:06:43

Health: -2/61      AC:  2 (0%)Str: 29   XL:     7   Next: 21%
Magic:  6/6        EV: 13    Int:  7    God:    Trog [**....]
Gold:   206        SH:  0    Dex: 10    Spells: 6/6 levels left

rFire    . . .     SeeInvis +   m - +1 flail of the Eggplant {speed, *Noise Str+6 Int+3 SInv}
rCold    . . .     Faith    .   b - +0 animal skin
rNeg     . . .     Spirit   .   (no shield)
rPois    .         Reflect  .   (helmet restricted)
rElec    .                      (no cloak)
rCorr    .                      (no gloves)
MR       .....                  (no boots)
Stlth    +.........             (no amulet)
Regen    0.2/turn               (no ring)
MPRegen  0.2/turn               (no ring)

@: exhausted, about to teleport, slowed, very slow
A: retaliatory headbutt, horns 2
a: Berserk, Trog's Hand, Renounce Religion


You were on level 4 of the Dungeon.
You worshipped Trog.
Trog was pleased with you.
You were not hungry.

You visited 1 branch of the dungeon, and saw 4 of its levels.

You collected 206 gold pieces.

Inventory:

Hand Weapons
 a - a +0 hand axe
 g - a +3 hand axe of chopping
 m - the +1 flail of the Eggplant (weapon) {speed, *Noise Str+6 Int+3 SInv}
   (You found it on level 4 of the Dungeon)

   Attacks with this weapon are significantly faster.
   It affects your strength (+6).
   It affects your intelligence (+3).
   It lets you see invisible.
   It may make noises in combat.
Armour
 b - a +0 animal skin (worn)
Wands
 f - a wand of polymorph (6)
 i - a wand of lightning (5)
 l - a wand of random effects (6)
Scrolls
 h - a scroll of enchant weapon
 j - a scroll of enchant armour
Potions
 c - a potion of curing
 d - a potion of flight
 e - a potion of brilliance


   Skills:
 + Level 5.6 Fighting
 + Level 7.6 Axes
 + Level 1.0(4.8) Maces & Flails
 + Level 2.8 Armour
 + Level 4.6 Dodging


You had 6 spell levels left.
You didn't know any spells.

Dungeon Overview and Level Annotations

Branches:
Dungeon (4/15)
 Temple: D:4-7         Lair: D:-1         Crypt: Vaults:-1     Tomb: Vaults:-1

Altars:
Kikubaaqudgha
Qazlal
Trog


Innate Abilities, Weirdness & Mutations

You reflexively headbutt those who attack you in melee.
You have a pair of horns on your head.


Message History

The worker ant bites you (1).
* * * LOW HITPOINT WARNING * * *
The worker ant misses you. The worker ant closely misses you.
The gnoll shaman hits you with a +0 club (1).
* * * LOW HITPOINT WARNING * * *
The gnoll hits you with a +0 flail (5).
* * * LOW HITPOINT WARNING * * *
The worker ant bites you (5).
* * * LOW HITPOINT WARNING * * *
You're too exhausted to go berserk.
You are too injured to fight recklessly!
You are too injured to fight recklessly!
You are too injured to fight recklessly!
You are too injured to fight recklessly!
You are too injured to fight recklessly!
You are too injured to fight recklessly!
As you read the scroll of teleportation, it crumbles to dust.
You feel strangely unstable. The worker ant bites you (5).
You die...

#... #.# .# ##.###.......##.)
#...##.##.#.........######).#
####.......#.#.........# ##..##
....#..................# #..##≈
............#....[.....####..##≈
............#...............##8_
............#..##.####......####
................#.####......# #.
. ..#....###..gg@.....######.###.
.. #....# ##..ag.............##.
#.##....####...g...........#..##
#...........g...#.##....)..##...
#####....####...##.####.)........
............(......####..(.......
........#......##................
.....p...........................
.....)..#......#........#########


You could see a gnoll shaman, a worker ant and 4 gnolls.

Vanquished Creatures
  Pikel (D:4)
  Blork the orc (D:4)
  Jessica (D:2)
  Robin (D:4)
  A gnoll (D:4)
  An adder skeleton (D:4)
  A dart slug (D:1)
  4 orcs (D:3)
  2 quokkas
  2 ball pythons
  2 giant cockroaches (D:3)
  21 goblins
  9 hobgoblins
  5 jackals
  5 kobolds
  5 bats
  8 frilled lizards
  6 rats
76 creatures vanquished.

Vanquished Creatures (others)
  Eustachio (D:4)
  2 slaves (D:4)
  An adder (D:4)
  2 orcs (D:4)
  A quokka (D:4)
7 creatures vanquished.

Grand Total: 83 creatures vanquished

Notes
Turn   | Place    | Note
-------+----------+-------------------------------------------
     0 | D:1      | Blackhawk the Minotaur Berserker began the quest for the Orb.
     0 | D:1      | Reached XP level 1. HP: 19/19 MP: 0/0
    52 | D:1      | Reached XP level 2. HP: 16/27 MP: 1/1
   207 | D:1      | Reached skill level 4 in Axes
   915 | D:2      | Noticed Jessica
   922 | D:2      | Killed Jessica
   922 | D:2      | Reached XP level 3. HP: 33/34 MP: 2/2
  1875 | D:3      | Found a faded altar of an unknown god.
  1878 | D:3      | Reached XP level 4. HP: 40/41 MP: 3/3
  1927 | D:3      | Reached ** piety under Trog
  2310 | D:4      | Noticed Blork the orc
  2313 | D:4      | Noticed a slave
  2313 | D:4      | Noticed Pikel
  2315 | D:4      | Noticed a slave
  2323 | D:4      | Killed Blork the orc
  2323 | D:4      | Reached skill level 5 in Fighting
  2323 | D:4      | Reached skill level 5 in Axes
  2323 | D:4      | Reached XP level 5. HP: 48/48 MP: 4/4
  2331 | D:4      | Killed Pikel
  2331 | D:4      | Reached skill level 7 in Axes
  2331 | D:4      | Reached XP level 6. HP: 56/56 MP: 5/5
  2331 | D:4      | Reached XP level 7. HP: 61/61 MP: 6/6
  2427 | D:4      | Found a stormy altar of Qazlal.
  2427 | D:4      | Found an ancient bone altar of Kikubaaqudgha.
  2428 | D:4      | Found a bloodstained altar of Trog.
  2484 | D:4      | Killed Eustachio
  2492 | D:4      | Got the +1 flail of the Eggplant {speed, *Noise Str+6 Int+3 SInv}
  2502 | D:4      | Noticed Robin
  2542 | D:4      | Killed Robin
  2702 | D:4      | Reached skill level 1 in Maces & Flails
  2719 | D:4      | HP: 3/61 [worker ant (5)]
  2720 | D:4      | Slain by a worker ant

Vault maps used:
D:1:      dpeg_arrival_round_c
D:2:      hex_medium, kennysheep_small_spiral, uniq_jessica
D:3:      ecumenical_altar_1
D:4:      gammafunk_temple_overflow_claw, temple_statues, serial_shops,
          nicolae_shop_competitors_out_of_business, uniq_robin, uniq_pikel,
          uniq_eustachio, uniq_duvessa, uniq_blork_the_orc

Skill      XL: |  1  2  3  4  5  6  7 |
---------------+----------------------+-----
Fighting       | 4 5 |  5.6
Axes           | 4 5 7 |  7.6
Dodging        | 3 4 |  4.6
Maces & Flails | 1 |  1.0
Armour         | |  2.8

Action                   |  1- 3 |  4- 6 |  7- 9 || total
-------------------------+-------+-------+-------++-------
Melee: Hand axe          |    96 |    45 |       ||   141
       Headbutt          |     8 |     5 |     3 ||    16
       Flail             |       |       |    19 ||    19
Invok: Berserk           |     1 |     1 |     1 ||     3
  Use: Scroll            |       |       |     1 ||     1
       Potion            |       |       |     1 ||     1
Armor: Animal skin       |    10 |     7 |     3 ||    20
Dodge: Dodged            |    53 |    32 |    45 ||   130
